[Event "December 5 Early 2023"]
[Site "https://www.chess.com"]
[Date "2023.12.05"]
[Round "2"]
[White "Berezin, Viktor"]
[Black "Osiecki, Stanislaw"]
[Result "1-0"]
[Board "228"]
[TimeControl "180+1"]
[WhiteFideId "14107872"]
[BlackFideId "1102990"]
[WhiteElo "2452"]
[BlackElo "2135"]
[WhiteTeam "UKR"]
[BlackTeam "POL"]
[WhiteClock "0:00:31"]
[BlackClock "0:00:59"]

1. d4 Nf6 2. Nf3 g6 3. g3 Bg7 4. Bg2 d6 5. O-O O-O 6. a4 a5 7. Nc3 c6 8. h3 Nbd7 9. e4 e5 10. Re1 Re8 11. dxe5 dxe5 12. Be3 Qe7 13. Nd2 Nh5 14. Nc4 f5 15. Nd6 Rf8 16. exf5 gxf5 17. Nxc8 Raxc8 18. Qxh5 f4 19. gxf4 Nf6 20. Qh4 e4 21. Nxe4 Rce8 22. Bc5 Qf7 23. Bxf8 Rxf8 24. Nxf6+ Bxf6 25. Qg3+ Kh8 26. Kh1 Rg8 27. Qf3 Bxb2 28. Rab1 Qg7 29. Rg1 Bd4 30. h4 Qe7 31. Bh3 Rf8 32. c3 Bc5 33. Rbe1 Qxh4 34. Qg4 Qh6 35. Re6 1-0

[Event "December 5 Early 2023"]
[Site "https://www.chess.com"]
[Date "2023.12.05"]
[Round "2"]
[White "Teumer, Joerg, Dr."]
[Black "Zimmermann, Ulrich"]
[Result "1/2-1/2"]
[Board "229"]
[TimeControl "180+1"]
[WhiteFideId "4643526"]
[BlackFideId "24654523"]
[WhiteElo "2132"]
[BlackElo "2451"]
[WhiteTeam "GER"]
[BlackTeam "GER"]
[WhiteClock "0:00:12"]
[BlackClock "0:00:10"]

1. d4 d6 2. e4 e6 3. Nc3 Ne7 4. Be3 h6 5. Qd2 a6 6. f4 b5 7. a3 Bb7 8. Bd3 Nd7 9. Nf3 c5 10. e5 cxd4 11. Bxd4 Bxf3 12. gxf3 Nc6 13. Be4 d5 14. Nxd5 exd5 15. Bxd5 Nxd4 16. Qxd4 Bc5 17. Qd3 Nb6 18. Bxa8 Qxa8 19. O-O-O O-O 20. Kb1 Rc8 21. Qe4 Qxe4 22. fxe4 Kf8 23. Rd3 g6 24. Rhd1 Ke7 25. h3 a5 26. Ka2 a4 27. b3 axb3+ 28. cxb3 Ra8 29. Rc3 Bxa3 30. Rc7+ Ke8 31. Kb1 Rc8 32. Rxc8+ Nxc8 33. Rd5 b4 34. Rc5 Ne7 35. Rc7 Kd8 36. Rb7 Ke8 37. Kc2 Kf8 38. Kd3 Nc6 39. Rc7 Na5 40. Kc2 Ke8 41. f5 g5 42. e6 fxe6 43. fxe6 h5 44. Rg7 g4 45. hxg4 hxg4 46. Rxg4 Ke7 47. Rg5 Nc6 48. Rc5 Nd4+ 49. Kd3 Nxb3 50. Rc6 Nc1+ 51. Kc2 Ne2 52. Ra6 Nd4+ 53. Kd3 Nxe6 54. Kc4 Ng5 55. Ra7+ Ke6 56. Ra6+ Kf7 57. Rb6 Nxe4 58. Rxb4 Nd6+ 59. Kb3 Bxb4 60. Kxb4 1/2-1/2

[Event "December 5 Early 2023"]
[Site "https://www.chess.com"]
[Date "2023.12.05"]
[Round "2"]
[White "Ozen, Metehan"]
[Black "Jesusesmifuerza"]
[Result "1-0"]
[Board "230"]
[TimeControl "180+1"]
[WhiteFideId "34596054"]
[WhiteElo "2451"]
[BlackElo "2131"]
[WhiteTeam "TUR"]
[WhiteClock "0:02:16"]
[BlackClock "0:01:14"]

1. e4 e5 2. Nf3 Nc6 3. Bb5 a6 4. Ba4 Nf6 5. d3 Bc5 6. O-O d6 7. c3 Bd7 8. h3 h6 9. d4 exd4 10. cxd4 Bb6 11. Nc3 O-O 12. Be3 Re8 13. Bc2 Ne7 14. e5 dxe5 15. dxe5 Bxe3 16. exf6 Nf5 17. Bxf5 Bxf5 18. fxe3 Qxf6 19. Nd4 Rad8 20. Rxf5 Qxf5 21. Nxf5 Rxd1+ 22. Rxd1 Re5 23. e4 Kh7 24. Rd7 g6 25. Rxf7+ Kg8 26. Nxh6+ Kh8 27. Rxc7 1-0

[Event "December 5 Early 2023"]
[Site "https://www.chess.com"]
[Date "2023.12.05"]
[Round "2"]
[White "Miszler, Levente"]
[Black "Johnson, Ben"]
[Result "1-0"]
[Board "231"]
[TimeControl "180+1"]
[WhiteFideId "763276"]
[BlackFideId "2010917"]
[WhiteElo "2450"]
[BlackElo "2127"]
[WhiteTeam "HUN"]
[BlackTeam "USA"]
[WhiteClock "0:01:15"]
[BlackClock "0:00:00"]

1. e4 c5 2. c4 g6 3. Nc3 Bg7 4. Nf3 Nc6 5. d3 d6 6. Be3 Nd4 7. h3 e5 8. Be2 Ne7 9. O-O O-O 10. Nd5 Nxd5 11. cxd5 b5 12. a4 b4 13. Bxd4 exd4 14. Nd2 a5 15. f4 Ba6 16. Qc2 Rc8 17. Nc4 f5 18. Bf3 Bh6 19. g3 Bg7 20. Rae1 Rc7 21. e5 Re7 22. e6 Qb8 23. Nxa5 b3 24. Qd2 Qb6 25. Nc6 Rc7 26. e7 Re8 27. Qe2 Bc8 28. a5 Qb5 29. g4 Kh8 30. gxf5 Bxf5 31. Bg4 Bxd3 32. Qe6 Bxf1 33. Rxf1 Qd3 34. Qxd6 Qg3+ 35. Kh1 h5 36. Qxg6 Rexe7 37. Qxh5+ Kg8 38. Nxe7+ Rxe7 39. Be6+ Rxe6 40. dxe6 Qd3 41. Rg1 Qe4+ 42. Rg2 Qxe6 43. Qg4 Qe7 44. a6 d3 45. Qc8+ Kh7 46. Qf5+ Kg8 47. Qxd3 1-0

[Event "December 5 Early 2023"]
[Site "https://www.chess.com"]
[Date "2023.12.05"]
[Round "2"]
[White "Biriukov, Ilja"]
[Black "Jovic, Stanoje"]
[Result "0-1"]
[Board "232"]
[TimeControl "180+1"]
[WhiteFideId "4113373"]
[BlackFideId "905020"]
[WhiteElo "2120"]
[BlackElo "2448"]
[WhiteTeam "RUS"]
[BlackTeam "SRB"]
[WhiteClock "0:00:07"]
[BlackClock "0:00:03"]

1. d4 Nf6 2. Nc3 d5 3. Bf4 e6 4. Qd2 Bd6 5. O-O-O O-O 6. f3 a6 7. e4 Bb4 8. e5 Nfd7 9. a3 Bxc3 10. Qxc3 b6 11. Bd3 c5 12. Qe1 c4 13. Be2 Nc6 14. Qg3 b5 15. Bh6 g6 16. Bxf8 Qxf8 17. h4 c3 18. bxc3 Qxa3+ 19. Kd2 b4 20. f4 Nxd4 21. Rh3 Nf5 22. Qf3 Nc5 23. g4 bxc3+ 24. Ke1 Ne7 25. h5 Ne4 26. hxg6 fxg6 27. Rh6 Qc5 28. Nh3 Nc6 29. Ng5 Nxg5 30. fxg5 Ra7 31. Qf2 Qxf2+ 32. Kxf2 Nxe5 33. Ke3 Nf7 34. Rh2 Nxg5 35. Kf4 Nf7 36. g5 e5+ 37. Kg3 d4 38. Bc4 Kg7 39. Bxf7 Rxf7 40. Rb1 Bf5 41. Rb8 Ra7 42. Re2 a5 43. Rb1 e4 44. Kf4 d3 45. Rf2 a4 46. Ra1 a3 47. Ra2 d2 48. Rf1 Be6 49. Raa1 Ra4 50. Ke5 Bc4 51. Rab1 Bxf1 52. Rb7+ Kf8 53. Kf6 Ke8 54. Ke6 Bc4+ 55. Kd6 d1=Q+ 56. Ke5 Qd5+ 57. Kf6 Qxb7 58. Ke5 Qc7+ 59. Kf6 Qe7# 0-1

[Event "December 5 Early 2023"]
[Site "https://www.chess.com"]
[Date "2023.12.05"]
[Round "2"]
[White "Hartikainen, Jarmo"]
[Black "Eilers, Stefan"]
[Result "0-1"]
[Board "233"]
[TimeControl "180+1"]
[WhiteFideId "503134"]
[BlackFideId "4609565"]
[WhiteElo "2116"]
[BlackElo "2447"]
[WhiteTeam "FIN"]
[BlackTeam "GER"]
[WhiteClock "0:00:05"]
[BlackClock "0:00:18"]

1. e4 Nc6 2. Nf3 d6 3. b3 Nf6 4. Nc3 e5 5. Bb2 Be7 6. Be2 O-O 7. d3 Re8 8. Nd5 Nxd5 9. exd5 Nb4 10. c4 a5 11. a3 Na6 12. O-O f5 13. Bc3 b6 14. b4 axb4 15. axb4 Bb7 16. Qc2 g6 17. Qb2 Nb8 18. Rxa8 Bxa8 19. Re1 Nd7 20. Bf1 Bf6 21. Qa3 Bb7 22. Nd2 Bg7 23. g3 Qa8 24. Ra1 Qxa3 25. Rxa3 Ra8 26. Rxa8+ Bxa8 27. Bg2 Bb7 28. h4 Kf7 29. Kf1 h6 30. f4 Bf6 31. fxe5 dxe5 32. Nb3 Bc8 33. Ke2 g5 34. hxg5 hxg5 35. c5 g4 36. cxb6 Nxb6 37. Nc5 f4 38. gxf4 exf4 39. Bxf6 f3+ 40. Kf2 Kxf6 41. Bf1 Nxd5 42. Ne4+ Ke5 43. b5 Kd4 44. Nf6 Nxf6 0-1

[Event "December 5 Early 2023"]
[Site "https://www.chess.com"]
[Date "2023.12.05"]
[Round "2"]
[White "Lopusiewicz, Piotr"]
[Black "Mangialardo, Tiago Carvalho"]
[Result "1-0"]
[Board "234"]
[TimeControl "180+1"]
[WhiteFideId "1116029"]
[BlackFideId "2130718"]
[WhiteElo "2446"]
[BlackElo "2099"]
[WhiteTeam "POL"]
[BlackTeam "BRA"]
[WhiteClock "0:01:22"]
[BlackClock "0:00:00"]

1. d4 Nf6 2. c4 c5 3. d5 g6 4. Nc3 Bg7 5. e4 d6 6. Nf3 O-O 7. Be2 e6 8. O-O exd5 9. exd5 Re8 10. Re1 Bg4 11. h3 Bxf3 12. Bxf3 Rxe1+ 13. Qxe1 Nbd7 14. Qd1 Ne5 15. Be2 a6 16. a4 Qa5 17. Bd2 Qc7 18. g3 Re8 19. Kg2 h5 20. Qc2 h4 21. f4 Ned7 22. g4 Nf8 23. Bd3 Qd7 24. f5 N6h7 25. Rf1 Qe7 26. Ne4 Qe5 27. Bc3 Qe7 28. f6 Bxf6 29. Bxf6 1-0

[Event "December 5 Early 2023"]
[Site "https://www.chess.com"]
[Date "2023.12.05"]
[Round "2"]
[White "Mende, Andreas"]
[Black "Topalov, Aleksandar"]
[Result "0-1"]
[Board "235"]
[TimeControl "180+1"]
[WhiteFideId "4631102"]
[BlackFideId "925659"]
[WhiteElo "2097"]
[BlackElo "2445"]
[WhiteTeam "GER"]
[BlackTeam "SRB"]
[WhiteClock "0:00:54"]
[BlackClock "0:01:42"]

1. c4 Nf6 2. g3 g6 3. Bg2 Bg7 4. Nc3 O-O 5. e4 d6 6. Nge2 c5 7. O-O Nc6 8. d3 Rb8 9. h3 a6 10. a4 Ne8 11. Be3 Nd4 12. f4 Nc7 13. Bf2 b5 14. Nxd4 cxd4 15. Ne2 bxc4 16. dxc4 e5 17. Qd2 Ne6 18. b4 Bh6 19. Rfb1 Bd7 20. b5 Nc5 21. Nc1 Re8 22. Ra3 exf4 23. gxf4 Nxe4 24. Bxe4 Rxe4 25. Bxd4 Bxf4 26. Qf2 Qe7 27. Rf3 Re1+ 28. Kg2 Bxc1 29. Rxc1 Re2 30. bxa6 Rxf2+ 31. Kxf2 Bc6 32. Re3 Qh4+ 0-1

[Event "December 5 Early 2023"]
[Site "https://www.chess.com"]
[Date "2023.12.05"]
[Round "2"]
[White "Escudero Donoso, Felipe"]
[Black "Yushko, Olga"]
[Result "0-1"]
[Board "236"]
[TimeControl "180+1"]
[WhiteFideId "3410595"]
[BlackFideId "14114500"]
[WhiteElo "2444"]
[BlackElo "2089"]
[WhiteTeam "CHI"]
[BlackTeam "UKR"]
[WhiteClock "0:00:00"]
[BlackClock "0:00:41"]

1. d4 e6 2. Bf4 f5 3. e4 fxe4 4. f3 exf3 5. Nxf3 Nf6 6. Bd3 Be7 7. O-O O-O 8. c3 d6 9. Nbd2 Nc6 10. Qc2 Qe8 11. Rae1 Bd7 12. Bg5 Qh5 13. b4 Rae8 14. b5 Nd8 15. a4 Nf7 16. Bh4 Ng4 17. Bg3 Ng5 18. Be2 Bf6 19. Ne4 Ne3 20. Qd3 Nxf1 21. Nfxg5 Qg6 22. Nxf6+ gxf6 23. Rxf1 Qxd3 24. Bxd3 fxg5 25. Re1 Kg7 26. h3 Rf7 27. c4 Rfe7 28. Be4 d5 29. Bd3 c6 30. Be5+ Kh6 31. Rf1 cxb5 32. Rf6+ Kg7 33. Rg6+ Kf8 34. Rf6+ Rf7 35. Rh6 Kg8 36. cxd5 exd5 37. Be2 bxa4 38. Bh5 a3 39. Bxf7+ Kxf7 40. Rxh7+ Ke6 41. Rh6+ Kf5 42. Rf6+ Ke4 43. Rf3 Rc8 44. Rxa3 a6 45. Rb3 b5 46. Ra3 Rc6 47. Kf2 b4 48. Re3+ Kf5 49. Rf3+ Kg6 50. g4 Rc3 51. Rf8 Rc2+ 0-1

[Event "December 5 Early 2023"]
[Site "https://www.chess.com"]
[Date "2023.12.05"]
[Round "2"]
[White "Feliz Dotel, Dewar Bienvenido"]
[Black "Liu, Casper"]
[Result "0-1"]
[Board "237"]
[TimeControl "180+1"]
[WhiteFideId "6402801"]
[BlackFideId "1454153"]
[WhiteElo "2087"]
[BlackElo "2441"]
[WhiteTeam "DOM"]
[BlackTeam "DEN"]
[WhiteClock "0:00:00"]
[BlackClock "0:00:18"]

1. d4 Nf6 2. e3 g6 3. Nf3 Bg7 4. Be2 O-O 5. b4 a5 6. b5 c5 7. bxc6 dxc6 8. c4 c5 9. Nc3 b6 10. O-O Bb7 11. Rb1 cxd4 12. exd4 Nc6 13. d5 Nb4 14. a3 Na6 15. Na4 Nd7 16. Be3 Rb8 17. Nxb6 Ndc5 18. Na4 Ne4 19. Ng5 Nxg5 20. Bxg5 Qd6 21. Qc1 Rfc8 22. Bf4 Be5 23. Bxe5 Qxe5 24. Qe3 Qd6 25. Rb6 Qd7 26. Qb3 Ba8 27. Rxb8 Rxb8 28. Qc2 Qd6 29. Qc3 Qc7 30. Rd1 Nc5 31. Nxc5 Qxc5 32. h4 a4 33. h5 Rb3 34. Qe5 Qd6 35. Qxd6 exd6 36. Rd3 Rb1+ 37. Kh2 Bb7 38. h6 Kf8 39. Rc3 Ba6 40. Bf3 Rb3 0-1

[Event "December 5 Early 2023"]
[Site "https://www.chess.com"]
[Date "2023.12.05"]
[Round "2"]
[White "Barak, Gil"]
[Black "Besso, Guadalupe"]
[Result "1-0"]
[Board "238"]
[TimeControl "180+1"]
[WhiteFideId "2812690"]
[BlackFideId "123161"]
[WhiteElo "2441"]
[BlackElo "2078"]
[WhiteTeam "ISR"]
[BlackTeam "ARG"]
[WhiteClock "0:01:40"]
[BlackClock "0:01:32"]

1. e4 c6 2. d4 d5 3. exd5 cxd5 4. Bd3 Nc6 5. c3 Nf6 6. Bf4 Bg4 7. Qb3 Qb6 8. Qxb6 axb6 9. Na3 Rxa3 10. bxa3 e6 11. a4 Nd7 12. Rb1 Be7 13. Bc7 Bd8 14. Bxd8 Kxd8 15. f3 Bh5 16. Ne2 Kc7 17. O-O Ra8 18. Bb5 Bg6 19. Rb2 Na5 20. Nf4 Bf5 21. g4 g5 22. gxf5 gxf4 23. fxe6 fxe6 24. Re1 Nf8 25. Rg2 Kd6 26. Rg7 Rc8 27. Rf7 Rxc3 28. Rxf8 Rxf3 29. Rf6 1-0

[Event "December 5 Early 2023"]
[Site "https://www.chess.com"]
[Date "2023.12.05"]
[Round "2"]
[White "BestestBP"]
[Black "Filipovic, Slobodan J"]
[Result "0-1"]
[Board "239"]
[TimeControl "180+1"]
[BlackFideId "939633"]
[WhiteElo "2060"]
[BlackElo "2440"]
[BlackTeam "SRB"]
[WhiteClock "0:00:02"]
[BlackClock "0:00:16"]

1. d4 Nf6 2. Nf3 e6 3. c4 c5 4. d5 exd5 5. cxd5 d6 6. Nc3 g6 7. g3 Bg7 8. Bg2 O-O 9. O-O Re8 10. Ne1 h6 11. Nd3 g5 12. e4 Bg4 13. Qb3 Qd7 14. Re1 Na6 15. Bd2 Nc7 16. e5 Nh5 17. exd6 Qxd6 18. Qxb7 Bd4 19. Ne4 Rxe4 20. Bxe4 Nxg3 21. Be3 Nxe4 22. Bxd4 Nd2 23. Be5 Nf3+ 24. Kh1 Nxe5 25. Nxe5 Bf5 26. Qc6 Qxd5+ 27. Qxd5 Nxd5 28. Rad1 Nf4 29. f3 Rb8 30. Nc6 Rxb2 31. Ne7+ Kg7 32. Nxf5+ Kg6 33. Ng3 f6 34. a4 Ra2 35. Rd8 h5 36. Rg8+ Kf7 37. Rh8 h4 38. Ne4 Rxa4 39. Nxc5 Ra2 40. Rh7+ Kg6 41. Rb7 Nh3 42. Ne6 Nf2+ 43. Kg1 Nh3+ 44. Kh1 Kf5 45. Nd4+ Kg6 46. Ne2 Nf2+ 47. Kg2 Nd3 48. Rd1 Nc5 49. Kf1 Nxb7 50. Rd7 Nc5 51. Rc7 Nd3 52. Nd4 Nf4 53. Nc6 a5 54. Ra7 a4 55. Ne7+ Kf7 56. Nd5+ Ke6 57. Nxf4+ gxf4 58. h3 Ke5 59. Ra5+ Kd4 60. Rf5 Ke3 61. Rxf6 Kxf3 62. Ke1 Ke3 63. Re6+ Kf3 64. Rh6 Kg3 65. Rf6 f3 66. Rg6+ Kxh3 67. Kf1 Rb2 68. Kg1 a3 69. Rg8 a2 70. Rf8 a1=Q# 0-1

[Event "December 5 Early 2023"]
[Site "https://www.chess.com"]
[Date "2023.12.05"]
[Round "2"]
[White "Smirnov, Timofey"]
[Black "Burmakin, Evgeniy"]
[Result "0-1"]
[Board "240"]
[TimeControl "180+1"]
[WhiteFideId "24176427"]
[BlackFideId "4163729"]
[WhiteElo "2048"]
[BlackElo "2438"]
[WhiteTeam "RUS"]
[BlackTeam "RUS"]
[WhiteClock "0:00:00"]
[BlackClock "0:00:47"]

1. d4 Nf6 2. Bf4 c5 3. e3 Qb6 4. Nc3 cxd4 5. exd4 a6 6. a3 d5 7. Bd3 Nc6 8. Nge2 Bg4 9. f3 Bh5 10. Na4 Qa5+ 11. Nac3 Qb6 12. Na4 Qa7 13. O-O e5 14. Bg5 Nxd4 15. Be3 Nxe2+ 16. Qxe2 d4 17. Bg5 Bd6 18. Kh1 b5 19. Bxb5+ axb5 20. Qxb5+ Qd7 21. Qxd7+ Nxd7 22. b3 f6 23. Bd2 Bg6 24. c4 Bc2 25. c5 Bxb3 26. cxd6 Bxa4 0-1

[Event "December 5 Early 2023"]
[Site "https://www.chess.com"]
[Date "2023.12.05"]
[Round "2"]
[White "Mickiewicz, Piotr"]
[Black "Sailer, Mike"]
[Result "1/2-1/2"]
[Board "241"]
[TimeControl "180+1"]
[WhiteFideId "1114891"]
[BlackFideId "2012901"]
[WhiteElo "2438"]
[BlackElo "2044"]
[WhiteTeam "POL"]
[BlackTeam "USA"]
[WhiteClock "0:00:02"]
[BlackClock "0:00:12"]

1. e4 d5 2. exd5 Qxd5 3. Nc3 Qd6 4. d4 c6 5. Nf3 Bg4 6. h3 Bxf3 7. Qxf3 Qxd4 8. Be3 Qd8 9. Rd1 Qc8 10. Bc4 Nf6 11. O-O e6 12. Bg5 Be7 13. Ne4 Nxe4 14. Bxe7 Kxe7 15. Qxe4 Nd7 16. Rfe1 Nf6 17. Qh4 Rd8 18. g4 Rxd1 19. Rxd1 h6 20. Qg3 Kf8 21. h4 Nd5 22. g5 hxg5 23. hxg5 g6 24. Qe5 Kg8 25. Kg2 Qc7 26. Rxd5 Qxe5 27. Rxe5 Rd8 28. Re2 Rd4 29. Bd3 Rg4+ 30. Kf3 Rxg5 31. b4 Rd5 32. a4 Kg7 33. a5 Rh5 34. Re1 e5 35. Bc4 f5 36. Ke2 Rh3 37. Bb3 Kf6 38. Rd1 Ke7 39. Rg1 Kf6 40. a6 b6 41. Rd1 Ke7 42. b5 c5 43. Rd5 e4 44. Re5+ Kd7 45. Bd5 Kd6 46. Re6+ Kxd5 47. Re7 Rc3 48. Rxa7 Rxc2+ 49. Ke3 Rb2 50. Rd7+ Ke6 51. a7 Ra2 52. Rb7 Kd5 53. Rd7+ Kc4 54. Rb7 Kxb5 55. Rg7 c4 56. Kf4 c3 57. Rc7 Kb4 58. Ke5 b5 59. Kd4 Rd2+ 60. Ke3 Ra2 61. Kd4 Rd2+ 62. Ke3 Ra2 63. Kd4 1/2-1/2

[Event "December 5 Early 2023"]
[Site "https://www.chess.com"]
[Date "2023.12.05"]
[Round "2"]
[White "Swicarz, Maciej"]
[Black "Nikulina, Alena"]
[Result "1-0"]
[Board "242"]
[TimeControl "180+1"]
[WhiteFideId "1113585"]
[BlackFideId "4172051"]
[WhiteElo "2435"]
[BlackElo "2029"]
[WhiteTeam "POL"]
[BlackTeam "RUS"]
[WhiteClock "0:00:11"]
[BlackClock "0:00:01"]

1. e4 c5 2. Nc3 e6 3. f4 Nc6 4. Nf3 d5 5. exd5 exd5 6. d4 Nf6 7. Bb5 Bd6 8. O-O O-O 9. Kh1 cxd4 10. Nxd4 Bc5 11. Nxc6 bxc6 12. Bxc6 Rb8 13. Bxd5 Ng4 14. Qf3 Qh4 15. h3 Nf2+ 16. Rxf2 Bxf2 17. Ne4 Bb6 18. Be3 Bxe3 19. Qxe3 Rxb2 20. Bb3 Bb7 21. Ng5 h6 22. Nf3 Qf6 23. Ne5 a5 24. a4 Qf5 25. Rc1 Be4 26. Qc3 g6 27. Ng4 Kh7 28. Qxb2 h5 29. Nf6+ Kh6 30. Nxe4 Qxe4 31. Rf1 Re8 32. Qc1 Qe2 33. f5+ g5 34. Bxf7 Re7 35. Bg6 Re3 36. Qd1 Qc4 37. f6 Qc6 38. Kh2 Kxg6 39. f7 Qc7+ 40. Kg1 Qxf7 41. Rxf7 Kxf7 42. Qd5+ Re6 43. Qxg5 Rf6 44. Qxh5+ Ke6 45. Qxa5 Rf5 46. Qxf5+ Kxf5 47. a5 Ke5 48. a6 Kd4 49. a7 1-0

[Event "December 5 Early 2023"]
[Site "https://www.chess.com"]
[Date "2023.12.05"]
[Round "2"]
[White "Reinecke, Katharina"]
[Black "Can, Melih Kaan"]
[Result "0-1"]
[Board "243"]
[TimeControl "180+1"]
[WhiteFideId "12929727"]
[BlackFideId "6317383"]
[WhiteElo "2012"]
[BlackElo "2434"]
[WhiteTeam "GER"]
[BlackTeam "TUR"]
[WhiteClock "0:00:00"]
[BlackClock "0:00:24"]

1. d4 Nf6 2. c4 e6 3. Nf3 d5 4. g3 Be7 5. Bg2 O-O 6. O-O c6 7. b3 Nbd7 8. Bb2 b6 9. Ne5 Nxe5 10. dxe5 Nd7 11. Nd2 Bb7 12. e4 Nc5 13. exd5 cxd5 14. cxd5 Bxd5 15. Nf3 Qc7 16. Rc1 Qb7 17. Qe2 Rad8 18. Rfd1 a5 19. Nh4 Bxh4 20. Bxd5 Rxd5 21. gxh4 Rfd8 22. Ba3 Nd3 23. Bd6 Nf4 24. Qg4 Rxd1+ 25. Rxd1 Qe4 26. Qg3 Ne2+ 27. Kf1 Nxg3+ 28. hxg3 f6 29. Re1 Qh1+ 30. Ke2 Qe4+ 31. Kf1 Qf5 32. Rc1 fxe5 33. Bc7 Qd3+ 34. Kg2 Qd5+ 35. Kg1 Qd2 0-1

[Event "December 5 Early 2023"]
[Site "https://www.chess.com"]
[Date "2023.12.05"]
[Round "2"]
[White "Kovalyov, Eduard"]
[Black "Gulamirian, Korun"]
[Result "1-0"]
[Board "244"]
[TimeControl "180+1"]
[WhiteFideId "14118033"]
[BlackFideId "4144899"]
[WhiteElo "2428"]
[BlackElo "2008"]
[WhiteTeam "UKR"]
[BlackTeam "RUS"]
[WhiteClock "0:00:38"]
[BlackClock "0:00:00"]

1. d4 Nf6 2. c4 c5 3. d5 b5 4. cxb5 a6 5. e3 g6 6. Nc3 Bg7 7. a4 d6 8. e4 O-O 9. Nf3 axb5 10. Bxb5 Ba6 11. Qe2 Bxb5 12. Nxb5 Na6 13. Bd2 Nd7 14. Bc3 Nb4 15. O-O Nb6 16. b3 e5 17. Bxb4 cxb4 18. Nd2 f5 19. Nc4 f4 20. f3 Nxc4 21. Qxc4 Qb6+ 22. Kh1 Rac8 23. Qxb4 Rc2 24. Rac1 Rfc8 25. Rxc2 Rxc2 26. Qxd6 Qf2 27. Rg1 Bf8 28. Qe6+ Kg7 29. Qxe5+ Kh6 30. Qxf4+ Kg7 31. Nd6 1-0

[Event "December 5 Early 2023"]
[Site "https://www.chess.com"]
[Date "2023.12.05"]
[Round "2"]
[White "Saim, Mohamed Ilias"]
[Black "Matrix3x3a"]
[Result "0-1"]
[Board "245"]
[TimeControl "180+1"]
[WhiteFideId "7900465"]
[WhiteElo "2002"]
[BlackElo "2428"]
[WhiteTeam "ALG"]
[WhiteClock "0:00:00"]
[BlackClock "0:01:39"]

1. d4 Nf6 2. c4 e6 3. Nf3 Bb4+ 4. Bd2 c5 5. Bxb4 cxb4 6. a3 bxa3 7. Rxa3 O-O 8. Nc3 d6 9. e4 Re8 10. Bd3 e5 11. O-O Bg4 12. d5 Nbd7 13. b4 a5 14. Nb5 Qb6 15. bxa5 Qc5 16. h3 Bxf3 17. Qxf3 Ra6 18. Rfa1 Rea8 19. Qe3 Qc8 20. c5 Nxc5 21. Nc3 Nxd3 22. Qxd3 Nd7 23. Qb5 Nc5 24. Qb4 Qd7 25. Nb5 Nxe4 26. Qa4 Nf6 27. Qb4 Qd8 0-1

[Event "December 5 Early 2023"]
[Site "https://www.chess.com"]
[Date "2023.12.05"]
[Round "2"]
[White "Parra Gomez, Adrian"]
[Black "Tilahun , Abel Mathewos"]
[Result "1-0"]
[Board "246"]
[TimeControl "180+1"]
[WhiteFideId "3513106"]
[BlackFideId "15702391"]
[WhiteElo "2427"]
[BlackElo "1998"]
[WhiteTeam "CUB"]
[BlackTeam "ETH"]
[WhiteClock "0:01:02"]
[BlackClock "0:00:00"]

1. d4 d5 2. c4 e6 3. Nc3 Nf6 4. Nf3 Nbd7 5. Bg5 Be7 6. e3 h6 7. Bf4 O-O 8. g4 Ne4 9. Nxe4 dxe4 10. Nd2 f5 11. Rg1 Bg5 12. Bxg5 Qxg5 13. Qb3 b6 14. O-O-O Bb7 15. Bg2 a5 16. f4 Qe7 17. gxf5 exf5 18. Bh3 a4 19. Qc3 a3 20. b3 Qf6 21. Rg3 Nc5 22. Rdg1 Nd3+ 23. Kc2 Rf7 24. d5 Qxc3+ 25. Kxc3 Rd8 26. Nxe4 fxe4 27. Be6 Kf8 28. Bxf7 Kxf7 29. Rxg7+ Ke8 30. Rxc7 Rd7 31. Rg8+ Kf7 32. Rxd7+ Kxg8 33. Rxb7 1-0

[Event "December 5 Early 2023"]
[Site "https://www.chess.com"]
[Date "2023.12.05"]
[Round "2"]
[White "Bychkov, Vladimir"]
[Black "Phillips, Rene"]
[Result "1-0"]
[Board "247"]
[TimeControl "180+1"]
[WhiteFideId "24151513"]
[BlackFideId "2056275"]
[WhiteElo "2427"]
[BlackElo "1905"]
[WhiteTeam "RUS"]
[BlackTeam "USA"]
[WhiteClock "0:00:39"]
[BlackClock "0:00:00"]

1. e4 Nc6 2. Nf3 d5 3. exd5 Qxd5 4. Nc3 Qa5 5. Bb5 Bg4 6. h3 Bd7 7. O-O a6 8. Bxc6 Bxc6 9. Nd4 Bd7 10. a3 Nf6 11. b4 Qe5 12. Nf3 Qh5 13. Re1 Bc6 14. Ne5 Qxd1 15. Rxd1 Be4 16. d3 Bg6 17. Bf4 O-O-O 18. a4 e6 19. Rdb1 Bd6 20. a5 Bxe5 21. Bxe5 Rhg8 22. b5 Nd5 23. bxa6 bxa6 24. Na4 f6 25. Bg3 e5 26. Nc5 Rd6 27. Ra3 Rc6 28. Rab3 Rxc5 29. Rb8+ Kd7 30. Rxg8 Rxc2 31. Rxg7+ Kc6 32. h4 Nc3 33. Ra1 Ne2+ 34. Kh2 Nxg3 35. Kxg3 Bxd3 36. h5 Rc3 37. f3 e4 38. fxe4 Bxe4+ 39. Kh2 Rc5 40. g4 Rc2+ 41. Kg3 1-0

[Event "December 5 Early 2023"]
[Site "https://www.chess.com"]
[Date "2023.12.05"]
[Round "2"]
[White "Skiadopoulos, Nikolaos"]
[Black "Azar, Sebastien"]
[Result "0-1"]
[Board "249"]
[TimeControl "180+1"]
[WhiteFideId "4200772"]
[BlackFideId "2640198"]
[WhiteElo "1770"]
[BlackElo "2426"]
[WhiteTeam "GRE"]
[BlackTeam "CAN"]
[WhiteClock "0:00:00"]
[BlackClock "0:00:23"]

1. e4 c5 2. b4 cxb4 3. a3 d5 4. exd5 Qxd5 5. Nf3 Bg4 6. Bb2 e5 7. c4 Qe6 8. Be2 Nc6 9. O-O Nf6 10. Re1 Be7 11. axb4 Bxb4 12. Nxe5 Nxe5 13. Bxg4 Nfxg4 14. Qa4+ Kd8 15. Bxe5 Nxe5 16. Re3 Bc5 17. Re4 f5 18. d4 fxe4 19. dxc5 Qxc4 20. Qd1+ Qd3 21. Nd2 Ke7 22. Qh5 Nf7 0-1

[Event "December 5 Early 2023"]
[Site "https://www.chess.com"]
[Date "2023.12.05"]
[Round "3"]
[White "Nakamura, Hikaru"]
[Black "Miladinovic, Igor"]
[Result "1-0"]
[Board "1"]
[TimeControl "180+1"]
[WhiteFideId "2016192"]
[BlackFideId "4203380"]
[WhiteElo "3256"]
[BlackElo "2798"]
[WhiteTeam "USA"]
[BlackTeam "SRB"]
[WhiteClock "0:00:13"]
[BlackClock "0:00:07"]

1. Nf3 d5 2. g3 Nc6 3. d4 Bf5 4. a3 Qd7 5. h3 f6 6. Bg2 e5 7. c3 e4 8. Ng1 Nce7 9. c4 c6 10. Nc3 Be6 11. cxd5 cxd5 12. h4 h5 13. Nh3 Ng6 14. Nf4 Nxf4 15. Bxf4 Ne7 16. Qb3 Ng6 17. Rc1 Nxf4 18. gxf4 Be7 19. Qb5 Rc8 20. Kd2 Rc6 21. Qb3 Kf7 22. f5 Bxf5 23. Qxd5+ Qxd5 24. Nxd5 Bd6 25. Rxc6 bxc6 26. Nc3 Re8 27. e3 c5 28. Nb5 Bf8 29. dxc5 Bxc5 30. Rc1 Re5 31. Nd4 Bxd4 32. exd4 Rb5 33. b4 a5 34. Bf1 Rb8 35. Rc5 Be6 36. b5 f5 37. Ke3 a4 38. Rc7+ Kf6 39. Rc6 Ke7 40. Kf4 g6 41. Ke5 Bb3 42. d5 Kf7 43. Rc7+ Kf8 44. d6 Re8+ 45. Kd4 Rd8 46. Kc5 f4 47. b6 e3 48. fxe3 fxe3 49. b7 Be6 50. Bb5 Bg4 51. d7 Ke7 52. Rc8 e2 53. Bxe2 Rxd7 54. b8=Q 1-0

[Event "December 5 Early 2023"]
[Site "https://www.chess.com"]
[Date "2023.12.05"]
[Round "3"]
[White "Dragnev, Valentin"]
[Black "Naroditsky, Daniel"]
[Result "0-1"]
[Board "2"]
[TimeControl "180+1"]
[WhiteFideId "1634852"]
[BlackFideId "2026961"]
[WhiteElo "2790"]
[BlackElo "3171"]
[WhiteTeam "AUT"]
[BlackTeam "USA"]
[WhiteClock "0:00:00"]
[BlackClock "0:00:03"]

1. e4 c5 2. Nf3 d6 3. Nc3 a6 4. d4 cxd4 5. Qxd4 Nc6 6. Qd3 g6 7. Nd5 e6 8. Nc3 Bg7 9. Bf4 e5 10. Bg5 Bf6 11. Be3 Be6 12. Nd5 Bxd5 13. exd5 Nb8 14. O-O-O Nd7 15. Kb1 Rc8 16. h4 Bg7 17. h5 Ngf6 18. h6 Bf8 19. Qb3 Qc7 20. Rh4 Be7 21. g4 Nc5 22. Bxc5 Qxc5 23. g5 Qxf2 24. gxf6 Bxf6 25. Rh2 Qc5 26. Bh3 Rc7 27. Nd2 Be7 28. Ne4 Qb5 29. Qxb5+ axb5 30. a3 f5 31. Nc3 Rc5 32. Bf1 Kf7 33. Bxb5 e4 34. Ba4 Bf6 35. Ne2 Be5 36. Rf2 Kf6 37. b4 Rc7 38. Rdf1 Ra8 39. Bb3 Rxa3 40. Ba2 b5 41. Nc1 Rh3 42. Re2 Ke7 43. Nb3 Rc4 44. Na5 Rxb4+ 45. Bb3 Kf6 46. Nc6 Rbxb3+ 47. cxb3 Rxb3+ 48. Ka2 Rd3 49. Nxe5 Kxe5 50. Rb1 f4 51. Rb4 e3 52. Re1 f3 53. Rb2 Kf4 54. Kb1 f2 55. Rf1 Kf3 56. Kc1 e2 0-1